AoeStats
← ktor

Arabia

510337878Analyzed
1v1 RM · 2d ago on Sep 30, 2026· 51m 15s· 2 players
Game mode
Random Map
Map size
Tiny (2 player)
Population
200
Speed
Normal
Resources
Standard
Victory
Conquest
Starting age
Dark Age
Ending age
Imperial Age
RankedLock teamsTeams togetherTeam positionsShared explorationLock speedFull tech treeHidden civsTurbo modeCheats
Victory
Defeat
🇲🇾 Saracens · Malaysia
899
+45
🇨🇿 Ethiopians · Czechia
902
-45
SWMG!
10:03 Loom
11:52 Feudal Age
13:04 Horse Collar
13:13 Double-Bit Axe
17:19 Castle Age
17:12 Wheelbarrow
22:04 Scale Barding Armor
22:11 Husbandry
24:34 Hand Cart
25:55 Bow Saw
27:24 Crossbowman
27:24 Elite Skirmisher
28:58 Elite Skirmisher
28:58 Crossbowman
30:11 Forging
30:22 Chain Barding Armor
30:05 Scale Mail Armor
30:07 Gold Mining
30:52 Thumb Ring
31:56 Fletching
32:06 Padded Archer Armor
32:42 Iron Casting
39:38 Imperial Age
39:29 Chain Mail Armor
39:35 Chain Barding Armor
39:36 Bloodlines
39:05 Man-at-Arms
39:31 Gambesons
42:12 Blast Furnace
41:48 Plate Barding Armor
41:43 Plate Mail Armor
40:48 Long Swordsman
41:32 Squires
43:05 Arbalester
44:05 Two-Handed Swordsman
44:19 Pikeman
45:00 Bodkin Arrow
45:20 Leather Archer Armor
45:41 Plate Barding Armor
45:26 Counterweights
44:54 Champion
47:00 Bimaristan
51:18 Arson
ktor
11:23 Feudal Age
12:23 Double-Bit Axe
15:31 Wheelbarrow
15:58 Wheelbarrow
18:26 Castle Age
18:56 Fletching
21:36 Squires
21:52 Forging
22:47 Bow Saw
24:41 Elite Skirmisher
26:09 Iron Casting
27:15 Horse Collar
28:36 Ballistics
28:54 Thumb Ring
31:31 Bodkin Arrow
35:37 Scale Mail Armor
35:37 Padded Archer Armor
39:24 Imperial Age
37:21 Town Watch
37:32 Stone Mining
37:34 Gold Mining
39:48 Leather Archer Armor
39:49 Chain Mail Armor
42:04 Chemistry
41:40 Conscription
47:02 Royal Heirs
46:26 Heavy Camel Rider
47:11 Husbandry
49:25 Blast Furnace
48:25 Bracer
49:06 Gold Shaft Mining
Connection lost

Rejoining the realm…

Still unreachable

The connection could not be restored.

Session expired

The server has moved on; the page needs a fresh start.